 Dungeon Crawl Stone Soup version 0.31-a0-161-gb58dd9be76 (webtiles) character file.

Game seed: 17010355755086024245

1871 Pooter the Cleaver (level 8, -1/109 HPs)
             Began as a Minotaur Berserker on June 13, 2023.
             Was a Priest of Trog.
             Slain by a gnoll
             ... wielding a +0 halberd
             ... led by a gnoll bouda
              (3 damage)
             ... on level 7 of the Dungeon.
             The game lasted 00:29:39 (5517 turns).

Pooter the Cleaver (Minotaur Berserker)             Turns: 5517, Time: 00:29:39

Health: -1/109     AC: 14    Str: 21    XL:     8   Next: 90%
Magic:  7/7        EV:  7    Int:  6    God:    Trog [***...]
Gold:   126        SH:  0    Dex: 18    Spells: 7/7 levels left

rFire   + . .        o - +11 spear of Law {heavy, *Rage +Blink Str-3 Dex+8}
rCold   + . .        (no shield)
rNeg    + . .        i - +1 plate armour
rPois   +            (helmet restricted)
rElec   .            r - scarf {rC+ rF+}
rCorr   .            v - +0 pair of gloves
SInv    .            s - +0 pair of boots
Will    +....        e - amulet "Meikkiuchug" {rPois rN+ Will+ Regen+ Int+2} Stlth
                     (no ring)
HPRegen 1.18/turn    (no ring)
MPRegen 0.10/turn

%: random rage (20%)
@: berserking (expiring), weakened, slowed
A: horns 2, retaliatory headbutt
a: Renounce Religion, Evoke Blink, Berserk, Trog's Hand


You were on level 7 of the Dungeon.
You worshipped Trog.
Trog was most pleased with you.
You visited 1 branch of the dungeon, and saw 7 of its levels.

You collected 216 gold pieces.
You spent 90 gold pieces at shops.

Inventory:

Hand Weapons
 a - a +0 heavy hand axe
   (You took it off an orc on level 4 of the Dungeon)
 b - a +0 sling
   (You found it on level 3 of the Dungeon)
 j - a +1 mace of holy wrath
   (You took it off Robin on level 2 of the Dungeon)
 o - the +11 spear of Law (weapon) {heavy, *Rage +Blink Str-3 Dex+8}
   (You found it on level 3 of the Dungeon)

   Str:       It affects your strength (-3).
   Dex:       It affects your dexterity (+8).
   +Blink:    It lets you blink.
   *Rage:     It berserks you when you make melee attacks (+20% chance).
 x - a +1 antimagic trident
   (You took it off a gnoll sergeant on level 7 of the Dungeon)
Missiles
 w - a throwing net {!f}
 y - 3 atropa-tipped darts
 Q - 23 stones (quivered)
Armour
 i - a +1 plate armour (worn)
   (You took it off an orc warrior on level 6 of the Dungeon)
 r - a scarf of resistance (worn)
   (You found it on level 6 of the Dungeon)
 s - a +0 pair of boots (worn)
   (You found it on level 5 of the Dungeon)
 v - a +0 pair of gloves (worn)
   (You found it on level 5 of the Dungeon)
Jewellery
 e - the amulet "Meikkiuchug" (around neck) {rPois rN+ Will+ Regen+ Int+2}
   (You acquired it on level 4 of the Dungeon)

   [amulet of regeneration]

   Int:       It affects your intelligence (+2).
   rPois:     It protects you from poison.
   rN:        It protects you from negative energy.
   Regen:     It increases your rate of health regeneration.
   Will:      It increases your willpower.
 G - an amulet of guardian spirit
   (You found it on level 4 of the Dungeon)
Wands
 f - a wand of flame (12)
   (You found it on level 5 of the Dungeon)
Scrolls
 c - a scroll of blinking {unknown}
 g - a scroll of butterflies {unknown}
 h - a scroll of vulnerability {!r}
 m - 2 scrolls of fear
 n - a scroll of fog
 t - 2 scrolls of teleportation {@r4}
 z - a scroll of immolation {unknown}
Potions
 d - 4 potions of haste {@q3}
 k - 3 potions of heal wounds {unknown}
 l - 3 potions of lignification {!q}
 p - a potion of mutation {unknown}
 u - a potion of enlightenment {unknown}


   Skills:
 + Level 7.1 Fighting
 * Level 9.5 Axes
 * Level 5.5 Ranged Weapons
 - Level 2.4 Armour
 - Level 2.1 Dodging
 - Level 4.4 Stealth


You had 7 spell levels left.
You didn't know any spells.
Your spell library was empty.

Dungeon Overview and Level Annotations

Branches:
Dungeon (7/15)             Temple (0/1) D:7

Altars:
Dithmenos
Vehumet

Shops:
D:4 *   D:6 (

Annotations:
D:4 2 transporters, benadryl's ghost, weakling DsIE


Innate Abilities, Weirdness & Mutations

You have a pair of horns on your head.
You reflexively headbutt those who attack you in melee.


Message History

The gnoll bouda hits you with a +0 club.
* * * LOW HITPOINT WARNING * * *
The gnoll hits you but does no damage. The kobold brigand barely misses you.
The gnoll hits you from afar with a +0 halberd.
* * * LOW HITPOINT WARNING * * *
You puncture the kobold brigand! You headbutt the kobold brigand!
You feel sick.
The gnoll bouda hits you but does no damage.
The gnoll hits you from afar with a +0 halberd!
* * * LOW HITPOINT WARNING * * *
The gnoll misses you.
You puncture the kobold brigand!
Your attacks no longer feel as feeble.
You feel sick.
The gnoll bouda hits you but does no damage.
The kobold brigand barely misses you. The gnoll closely misses you.
The gnoll hits you with a +0 flail.
* * * LOW HITPOINT WARNING * * *
The kobold hits you but does no damage.
You puncture the kobold brigand!
You kill the kobold brigand!
Trog accepts your kill.
You feel sick. The gnoll closely misses you.
The gnoll hits you but does no damage. The kobold hits you but does no damage.
The gnoll bouda gazes fiercely through you!
You feel your attacks grow feeble.
The gnoll bouda hits you but does no damage. x2
The gnoll closely misses you.
The kobold throws a stone.
The stone closely misses you.
The stone hits the gnoll bouda but does no damage.
The gnoll hits you from afar with a +0 halberd!
* * * LOW HITPOINT WARNING * * *
Unknown command.
You impale the kobold!!
You kill the kobold!
Trog accepts your kill.
You feel sick.
You are no longer poisoned.
A gnoll comes into view. It is wielding a +0 halberd.
The gnoll hits you but does no damage. x2
The gnoll bouda hits you but does no damage.
The gnoll shouts!
You puncture the kobold!
You kill the kobold!
Trog accepts your kill. The gnoll bouda barely misses you.
The gnoll hits you from afar with a +0 halberd.
* * * LOW HITPOINT WARNING * * *
The gnoll hits you from afar with a +0 halberd.
You die...

..###....#### #....#
.####.#### ######....#
.###.[.########...⌠.).#.#
.....#................#.#
####...#######..⌠.>.⌠.#.#
##.## #........# # #.#
#....⌠...# #.# #.#gg##.##
#.# #.#@)gg#.. #.# #
#K###.##. #.#


KKg # # #.# ...## #.# ....# .....# ......# #.###..# You could see a gnoll bouda,
4 gnolls and 3 kobolds.

Vanquished Creatures
  Sigmund (D:4)
  2 orc warriors (D:6)
  A black bear (D:5)
  An ice beast (D:7)
  An ogre (D:5)
  A phantom (D:4)
  2 kobold brigands (D:7)
  Blork the orc (D:4)
  2 bullfrogs (D:6)
  A gnoll sergeant (D:7)
  2 jellies
  4 orc priests
  3 hounds
  3 sleepcaps
  3 iguanas
  3 orc wizards
  Robin (D:2)
  9 gnolls
  7 adders
  An ufetubus (D:4)
  2 dart slugs
  19 orcs
  8 ball pythons
  5 bats
  3 endoplasms
  A giant cockroach (D:2)
  14 goblins
  9 hobgoblins
  4 jackals (D:4)
  11 kobolds
  3 quokkas
  2 frilled lizards
  3 rats
133 creatures vanquished.

Notes
Turn   | Place    | Note
-------+----------+-------------------------------------------
     0 | D:1      | Pooter the Minotaur Berserker began the quest for the Orb.
     0 | D:1      | Reached XP level 1. HP: 19/19 MP: 0/0
   459 | D:1      | Reached skill level 4 in Axes
   459 | D:1      | Reached XP level 2. HP: 27/27 MP: 1/1
   774 | D:2      | Reached skill level 1 in Stealth
   902 | D:2      | Reached XP level 3. HP: 33/33 MP: 2/2
  1103 | D:2      | Noticed Robin
  1118 | D:2      | Killed Robin
  1126 | D:2      | Reached ** piety under Trog
  1170 | D:2      | Found Butiothihul's Distillery.
  1466 | D:3      | Reached XP level 4. HP: 38/40 MP: 3/3
  1513 | D:3      | Found a radiant altar of Vehumet.
  1532 | D:3      | Identified the +11 spear of Law {heavy, *Rage +Blink Str-3
                  | Dex+8}
  1604 | D:3      | You fall into a shaft and drop 3 floors!
  1670 | D:6      | Reached skill level 5 in Axes
  1750 | D:6      | Noticed a bullfrog
  1755 | D:6      | Killed a bullfrog
  1756 | D:6      | Reached XP level 5. HP: 47/47 MP: 4/4
  2046 | D:5      | Entered Level 5 of the Dungeon
  2062 | D:5      | Reached XP level 6. HP: 50/55 MP: 5/5
  2250 | D:5      | Reached skill level 5 in Fighting
  2250 | D:5      | Reached skill level 6 in Axes
  2293 | D:4      | Noticed Sigmund
  2296 | D:4      | Killed Sigmund
  2297 | D:4      | Reached XP level 7. HP: 61/61 MP: 6/6
  2455 | D:4      | Reached skill level 7 in Axes
  3241 | D:4      | Found a transporter.
  3246 | D:4      | Noticed benadryl's ghost (weakling DsIE)
  3270 | D:4      | Found Wokiptu's General Store.
  3297 | D:4      | Bought a scroll of identify for 20 gold pieces
  3297 | D:4      | Bought a scroll of teleportation for 30 gold pieces
  3297 | D:4      | Bought a scroll of identify for 20 gold pieces
  3297 | D:4      | Bought 2 potions of degeneration for 20 gold pieces
  3318 | D:4      | Reached skill level 1 in Ranged Weapons
  3512 | D:4      | Reached *** piety under Trog
  3541 | D:4      | Identified a scroll of acquirement
  3542 | D:4      | Acquired the amulet "Meikkiuchug" {rPois rN+ Will+ Regen+
                  | Int+2}
  3669 | D:4      | Noticed Blork the orc
  3677 | D:4      | Killed Blork the orc
  3773 | D:4      | Found a transporter.
  3938 | D:5      | Reached XP level 8. HP: 57/70 MP: 7/7
  4038 | D:5      | Reached skill level 8 in Axes
  4113 | D:5      | Found a shadowy altar of Dithmenos.
  4569 | D:6      | Found Fog Zizo's Antique Weapon Boutique.
  5417 | D:7      | Reached skill level 9 in Axes
  5490 | D:7      | Found a staircase to the Ecumenical Temple.
  5494 | D:7      | Reached skill level 5 in Ranged Weapons
  5517 | D:7      | HP: 2/109 [gnoll/+0 halberd[a gnoll bouda] (5)]
  5517 | D:7      | Slain by a gnoll

Illustrated notes

Levels and vault maps discovered:
D:1:      matt_arrival_spirals, layout_basic
D:2:      layout_rooms, serial_shops, nicolae_lakefront_shop,
          hangedman_abyss_or_decor_stabs, serial_bayou_pond_d,
          minmay_misc_feat_four_crosses, uniq_robin
D:3:      layout_basic, lemuel_doored_altar
D:4:      layout_basic, gammafunk_ghost_stat_death, serial_shops, shop,
          uniq_blork_the_orc, uniq_sigmund
D:5:      layout_gridville, nicolae_dithmenos_through_a_glass_darkly,
          st_stairs_2
D:6:      corexii_shack_village, layout_loops_corners, serial_shops, shop
D:7:      layout_loops_ring, temple_fountains

Skill      XL: |  1  2  3  4  5  6  7  8 |
---------------+-------------------------+-----
Axes           | 4 5 6 7 9 |  9.5
Stealth        | 1 2 3 4 |  4.4
Fighting       | 4 5 6 7 |  7.1
Ranged Weapons | 2 5 |  5.5
Armour         | |  2.4
Dodging        | |  2.1

Action                     |  1- 3 |  4- 6 |  7- 9 || total
---------------------------+-------+-------+-------++-------
  Melee: Hand axe          |    12 |       |    98 ||   110
         Headbutt          |     7 |     4 |    15 ||    26
         Trident           |    59 |     5 |       ||    64
         Spear             |       |    26 |    53 ||    79
         Punch             |       |       |     2 ||     2
   Fire: Sling             |       |       |    32 ||    32
  Throw: Stone             |     2 |     5 |       ||     7
         Dart              |       |       |     1 ||     1
 Invoke: Berserk           |     1 |     1 |     4 ||     6
         Trog's Hand       |       |       |     4 ||     4
  Evoke: Wand              |       |       |     4 ||     4
    Use: Scroll            |       |     2 |    11 ||    13
   Stab: Sleeping          |     1 |     1 |     2 ||     4
 Armour: Ring mail         |    19 |    15 |       ||    34
         Scale mail        |       |       |    41 ||    41
         Plate armour      |       |       |    33 ||    33
  Dodge: Dodged            |    39 |    17 |    86 ||   142

Table legend: (Time is in decaauts)
 A = Elapsed time spent in this place.
 B = Non-inter-level travel time spent in this place.
 C = Inter-level travel time spent in this place.
 D = Time resting spent in this place.
 E = Time spent auto-exploring this place.
 F = Levels seen in this place.
 G = Mean time per level.
                   A        B        C        D        E       F      G
               +--------+--------+--------+--------+--------+-----+--------+
         Total |   5704 |   5527 |    177 |    779 |   3482 |   7 |  814.9 |
       Dungeon |   5704 |   5527 |    177 |    779 |   3482 |   7 |  814.9 |
               +--------+--------+--------+--------+--------+-----+--------+

Top non-repeatable levels by time:
     D:6: 1319 daAuts
     D:4: 955 daAuts
     D:5: 942 daAuts
     D:3: 899 daAuts
     D:1: 738 daAuts
     D:2: 716 daAuts
     D:7: 132 daAuts
